 Dungeon Crawl Stone Soup version 0.24-a0-22-g2a401c0 (console) character file.

Game seed: 18119362306989377188

71 Duffy the Chopper (level 4, -6/39 HPs)
             Began as a Naga Gladiator on Feb 1, 2019.
             Mangled by Natasha (8 damage)
             ... on level 2 of the Dungeon.
             The game lasted 00:01:11 (1552 turns).

Duffy the Chopper (Naga Gladiator)                  Turns: 1552, Time: 00:01:12

Health: -6/39      AC:  3    Str: 17    XL:     4   Next: 24%
Magic:  4/4        EV: 10    Int:  8    God:
Gold:   70         SH:  0    Dex: 17    Spells: 3/3 levels left

rFire    + . .     SeeInvis +   a - +0 war axe
rCold    + . .     Gourm    .   (no shield)
rNeg     . . .     Faith    .   b - +0 leather armour
rPois    +         Spirit   .   c - +0 helmet
rElec    .         Reflect  .   l - scarf {rC+ rF+}
rCorr    .         Harm     .   (no gloves)
MR       .....                  (no barding)
Stlth    +.........             (no amulet)
HPRegen  0.13/turn              (no ring)
MPRegen  0.09/turn              j - +4 ring of dexterity

@: very slow
A: large, see invisible, deformed body, poison resistance, slowness 2, slow
metabolism 1, spit poison 1, AC +1
a: Spit Poison


You were on level 2 of the Dungeon.
You were not hungry.

You visited 1 branch of the dungeon, and saw 2 of its levels.

You collected 70 gold pieces.

Inventory:

Hand Weapons
 a - a +0 war axe (weapon)
Missiles
 d - 3 throwing nets (quivered)
Armour
 b - a +0 leather armour (worn)
 c - a +0 helmet (worn)
 l - a scarf of resistance (worn)
Jewellery
 j - a +4 ring of dexterity (right hand)
Scrolls
 k - 2 scrolls of remove curse
 m - a scroll of fog {unknown}
Potions
 e - a potion of might
 g - a potion of curing {unknown}
 h - a potion of lignification {unknown}
 i - a potion of agility {unknown}
Comestibles
 f - 4 rations


   Skills:
 - Level 2.0 Fighting
 + Level 5.0 Axes
 - Level 1.7 Throwing
 - Level 2.4 Dodging


You had 3 spell levels left.
You didn't know any spells.
Your spell library was empty.

Dungeon Overview and Level Annotations

Branches:
Dungeon (2/15)

Altars:

Annotations:
D:2 Natasha


Innate Abilities, Weirdness & Mutations

You cannot wear boots.
Your serpentine skin is tough. (AC +1)
You have supernaturally acute eyesight. (SInv)
Armour fits poorly on your strangely shaped body.
Your system is resistant to poisons. (rPois)
You cover ground very slowly.
You have a slow metabolism.
You can spit poison.


Message History

You are too injured to fight recklessly!
You are too injured to fight recklessly!
You are too injured to fight recklessly!
You are too injured to fight recklessly!
You are too injured to fight recklessly!
You hit Natasha.
Natasha is lightly wounded.
Natasha claws you.
Okay, then.
Unknown command.
You hit Natasha.
Natasha is moderately wounded.
Natasha claws you but does no damage.
You barely miss Natasha.
Natasha is moderately wounded.
Natasha claws you. Natasha barely misses you.
You hit Natasha.
Natasha is heavily wounded.
Natasha claws you!
You die...

#.# #)# #.# #.# #.
#.### #. ###
....#########.# #..
#.#............ #S#
#.###########..##h###
#.# #....@..# #.#
####...#.#.# #.#
..%........# #.#
#####..#.#.# #.#
#......# #.##.###
#### #. #.# #.. ..
#.# #.# ## #.#


You could see Natasha and an adder.

Vanquished Creatures
  Natasha (D:2)
  A worm (D:2)
  A dart slug (D:1)
  3 leopard geckos (D:1)
  A giant cockroach (D:1)
  5 goblins
  3 hobgoblins
  4 jackals (D:1)
  7 bats
  2 frilled lizards
  5 kobolds
  2 rats
35 creatures vanquished.

Notes
Turn   | Place    | Note
-------+----------+-------------------------------------------
     0 | D:1      | Duffy the Naga Gladiator began the quest for the Orb.
     0 | D:1      | Reached XP level 1. HP: 19/19 MP: 1/1
   226 | D:1      | Reached XP level 2. HP: 25/26 MP: 2/2
   522 | D:1      | Reached skill level 4 in Axes
   525 | D:1      | Reached XP level 3. HP: 25/32 MP: 3/3
  1085 | D:2      | Noticed Natasha
  1090 | D:2      | Killed Natasha
  1090 | D:2      | Reached XP level 4. HP: 30/39 MP: 4/4
  1472 | D:2      | Noticed Natasha
  1483 | D:2      | Reached skill level 5 in Axes
  1552 | D:2      | Mangled by Natasha

Vault maps used:
D:1:      beargit_arrival_greenhouse, minmay_cut_off
D:2:      uniq_natasha

Skill      XL: |  1  2  3  4 |
---------------+-------------+-----
Axes           | 4 5 |  5.0
Fighting       | |  2.0
Throwing       | |  1.7
Dodging        | |  2.4

Action                   |  1- 3 |  4- 6 || total
-------------------------+-------+-------++-------
Melee: War axe           |    66 |    33 ||    99
  Use: Scroll            |     3 |     1 ||     4
 Stab: Sleeping          |     1 |       ||     1
  Eat: Chunk             |       |     1 ||     1
Armor: Leather armour    |    29 |    18 ||    47
Dodge: Dodged            |    49 |    30 ||    79

Table legend:
 A = Non-vault XP
 B = Vault XP
 C = Vault XP percentage of total XP
 D = Non-vault monster count
 E = Vault monster count
 F = Vault count percentage of total count
                 A         B        C        D         E       F
            +---------+---------+-------+---------+---------+-------
      Total |      63 |      39 |  38.2 |      31 |       4 |  11.4
            +---------+---------+-------+---------+---------+-------
        D:1 |      43 |       4 |   8.5 |      21 |       3 |  12.5
        D:2 |      20 |      35 |  63.6 |      10 |       1 |   9.1
            +---------+---------+-------+---------+---------+-------
